 Dungeon Crawl Stone Soup version 0.30-a0-596-g0af90f9a20 (webtiles) character file.

Game seed: 10095770660424508415

32 flotson the Sneak (level 3, -1/29 HPs)
             Began as a Demonspawn Delver on Jan 7, 2023.
             Succumbed to a scorpion's poison
             ... on level 4 of the Dungeon.
             The game lasted 00:01:49 (267 turns).

flotson the Sneak (Demonspawn Delver)                Turns: 267, Time: 00:01:49

Health: -1/29      AC:  4    Str: 14    XL:     3   Next: 10%
Magic:  3/3        EV: 12    Int: 11    God:
Gold:   38         SH:  0    Dex: 14    Spells: 2/2 levels left

rFire   . . .      SeeInvis .    a - +0 hand axe
rCold   + . .      Faith    .    (no shield)
rNeg    . . .      Spirit   .    b - +0 leather armour
rPois   .          Reflect  .    h - +1 hat
rElec   .          Harm     .    (no cloak)
rCorr   .          Rampage  .    (no gloves)
Will    .....                    (no boots)
Stlth   +++                      (no amulet)
HPRegen 0.24/turn                i - ring of protection from cold
MPRegen 0.08/turn                (no ring)

@: lethally poisoned (-1 -> -19), hasted, very quick
A: horns 1, demonic touch 1
a: no special abilities


You were on level 4 of the Dungeon.
You visited 1 branch of the dungeon, and saw 2 of its levels.

You collected 38 gold pieces.

Inventory:

Hand Weapons
 a - a +0 hand axe (weapon)
Armour
 b - a +0 leather armour (worn)
 h - a +1 hat (worn)
Jewellery
 i - a ring of protection from cold (left hand)
Wands
 g - a wand of digging (3)
Scrolls
 c - a scroll of fog
 d - 2 scrolls of magic mapping


   Skills:
 + Level 3.2 Fighting
 - Level 2.0 Axes
 + Level 0.7 Armour
 + Level 2.1 Dodging
 + Level 4.7 Stealth
 + Level 0.9 Evocations


You had 2 spell levels left.
You didn't know any spells.
Your spell library was empty.

Dungeon Overview and Level Annotations

Branches:
Dungeon (5/15)
 Temple: D:4-7

Altars:


Innate Abilities, Weirdness & Mutations

You have a pair of small horns on your head.
Your touch may inflict minor irresistible damage on your foes.


Message History

(D) Dungeon
Where to? (Enter - D:3, ? - help)
Okay, then.
The jackal barely misses you.
You barely miss the jackal. The jackal closely misses you.
The jackal barely misses you.
You hit the jackal but do no damage.
You touch the jackal.
You kill the jackal!
The scorpion closely misses you.
You hit the scorpion.
The scorpion is moderately wounded.
The scorpion stings you.
You are poisoned.
The scorpion poisons you!
You closely miss the scorpion. You headbutt the scorpion.
The scorpion is severely wounded.
You feel sick. The scorpion stings you.
You are lethally poisoned!
The scorpion poisons you!
An orc comes into view. It is wielding a +0 hand axe.
The scorpion closely misses you.
The orc shouts!
You hit the scorpion.
You headbutt the scorpion, but do no damage.
The scorpion is severely wounded.
You feel very sick.
A jackal comes into view.
The scorpion stings you.
You are more poisoned.
The scorpion poisons you!
As you read the scroll of fear, it crumbles to dust.
You assume a fearsome visage.
The orc looks frightened!
The jackal looks frightened!
The jackal barks!
The scorpion looks frightened!
* * * LOW HITPOINT WARNING * * *
You feel very sick.
The orc howls in fear.
You feel yourself speed up.
You die...

#.# #.# #. #.# .. #.#
#. # #.# # ## #. .####
##.#### .. #o###....#
#......
####.#...†..#.##
#..####
#.......@.s....####..#
# #
#.##.##.##.#.........#
#.
#.##.##.##.###.####.##
#.. #...........#
###.# #.##.##.##)##.##
#...# #.#.##.##.## #
#.### ## #.......<.#
#.# #.# ##†......##
#.# >.# ##............
#.#


You could see a scorpion (fleeing) and an orc (fleeing).

Vanquished Creatures
  2 adders (D:4)
  A worm (D:4)
  An orc (D:4)
  A ball python (D:4)
  An endoplasm (D:4)
  4 jackals (D:4)
10 creatures vanquished.

Notes
Turn   | Place    | Note
-------+----------+-------------------------------------------
     0 | D:5      | flotson the Demonspawn Delver began the quest for the Orb.
     0 | D:5      | Reached XP level 1. HP: 18/18 MP: 1/1
    60 | D:4      | Discovered your monstrous ancestry.
    60 | D:4      | Gained mutation: Your touch may inflict minor irresistible
                  | damage on your foes. [demonic ancestry]
    60 | D:4      | Reached XP level 2. HP: 24/24 MP: 2/2
    69 | D:4      | Noticed a scorpion
   213 | D:4      | Gained mutation: You have a pair of small horns on your
                  | head. [demonic ancestry]
   213 | D:4      | Reached XP level 3. HP: 20/29 MP: 3/3
   267 | D:4      | Succumbed to a scorpion's poison

Illustrated notes

Levels and vault maps discovered:
D:4:      layout_loops_ring, nrook_loot_triangle,
          amcnicky_mini_rare_corridor_liquid
D:5:      minmay_octagon_keep, layout_rooms, grunt_temple_overflow_open

Skill      XL: |  1  2 |
---------------+-------+-----
Dodging        | 2 |  2.1
Axes           | 2 |  2.0
Fighting       | |  3.2
Armour         | |  0.7
Stealth        | |  4.7
Evocations     | |  0.9

Action                   || total
-------------------------++-------
Melee: Hand axe          ||    37
       Touch             ||     7
       Headbutt          ||     3
  Use: Scroll            ||     1
       Potion            ||     1
 Stab: Sleeping          ||     3
Armor: Leather armour    ||    10
Dodge: Dodged            ||    24

Table legend: (Time is in decaauts)
 A = Elapsed time spent in this place.
 B = Non-inter-level travel time spent in this place.
 C = Inter-level travel time spent in this place.
 D = Time resting spent in this place.
 E = Time spent auto-exploring this place.
 F = Levels seen in this place.
 G = Mean time per level.
                   A        B        C        D        E       F      G
               +--------+--------+--------+--------+--------+-----+--------+
         Total |    273 |    272 |      1 |     37 |     70 |   2 |  136.5 |
       Dungeon |    273 |    272 |      1 |     37 |     70 |   2 |  136.5 |
               +--------+--------+--------+--------+--------+-----+--------+

Top non-repeatable levels by time:
     D:4: 245 daAuts
     D:5: 28 daAuts
